 Dungeon Crawl Stone Soup version 0.24-a0-487-g57318f2ed0 (webtiles) character file.

Game seed: 7295443860501696852

399680 Inquire the Warrior (level 22, -9/211 HPs)
             Began as a Minotaur Skald on July 10, 2019.
             Was the Champion of Ru.
             Killed from afar by a frost giant (24 damage)
             ... with a bolt of cold
             ... on level 4 of the Depths on July 11, 2019.
             The game lasted 02:13:26 (64373 turns).

Inquire the Warrior (Minotaur Skald)               Turns: 64373, Time: 02:13:27

Health: -9/211     AC:  6    Str: 21    XL:     22   Next: 25%
Magic:  0/10       EV: 26    Int: 10    God:    Ru [******]
Gold:   1044       SH:  0    Dex: 19    Spells: 16/34 levels left

rFire    + . .     SeeInvis +   g - +9 broad axe (antimagic)
rCold    . . .     Gourm    .   L - +1 shield {rF+}
rNeg     . . .     Faith    .   b - quicksilver dragon scales of the Salamander {*Drain rElec rPois MR+ Str+4}
rPois    +         Spirit   +   (helmet restricted)
rElec    +         Reflect  .   r - scarf {rC+ rF+}
rCorr    .         Harm     .   P - +2 pair of gloves {archery}
MR       +++..                  u - +1 pair of boots
Stlth    +.........             v - amulet of guardian spirit
HPRegen  0.45/turn              G - ring of see invisible
MPRegen  0.12/turn              O - ring of protection from magic

@: confused, exhausted, corroded, very slightly contaminated, studying Polearms
A: retaliatory headbutt, horns 2, mutation resistance 1, inability to use
devices, reduced AC 1, temperature sensitive
}: 2/15 runes: decaying, gossamer
a: Draw Out Power, Power Leap, Apocalypse, Renounce Religion


You were on level 4 of the Depths.
You worshipped Ru.
Ru was exalted by your worship.
You were full.

You visited 8 branches of the dungeon, and saw 42 of its levels.
You visited 1 bazaar.

You collected 7398 gold pieces.
You spent 6354 gold pieces at shops.

Inventory:

Hand Weapons
 g - a +9 antimagic broad axe (weapon)
 o - a +0 executioner's axe of freezing
 C - a +5 double sword of slicing
 M - a +3 quick blade
 Q - a +4 rapier of electrocution
 V - the +12 broad axe "Sabicw" {flame, +Rage rPois Int+3 Dex-5}
   (You took it off a deep elf death mage on level 3 of the Elven Halls)

   It has been specially enchanted to burn those struck by it, causing extra
   injury to most foes and up to half again as much damage against particularly
   susceptible opponents.
   Big, fiery blades are also staple armaments of hydra-hunters.
   It affects your intelligence (+3).
   It affects your dexterity (-5).
   It protects you from poison.
   It lets you go berserk.
Missiles
 s - 162 poisoned darts
 w - 4 curare-tipped darts (quivered)
 y - 30 javelins
 F - 23 atropa-tipped darts
Armour
 b - the quicksilver dragon scales of the Salamander (worn) {*Drain rElec rPois MR+ Str+4}
   (You bought it in a shop on level 3 of the Elven Halls)

   It affects your strength (+4).
   It insulates you from electricity.
   It protects you from poison.
   It affects your resistance to hostile enchantments.
   It causes draining when unequipped.
 i - the +2 cloak of the Thief {+Fog Slay-2 SInv Stlth+}
   (You found it on level 3 of the Elven Halls)

   It affects your accuracy and damage with ranged weapons and melee attacks
   (-2).
   It lets you see invisible.
   It makes you more stealthy.
 r - a scarf of resistance (worn)
 u - a +1 pair of boots (worn)
 B - a +2 scale mail of fire resistance
 I - the +1 ring mail "Zaxapofuimp" {Regen+ Str-4 Int+6}
   (You found it on level 15 of the Dungeon)

   It affects your strength (-4).
   It affects your intelligence (+6).
   It increases your rate of regeneration.
 J - the +1 cloak "Xuma" {MR++}
   (You found it on level 2 of the Swamp)

   It affects your resistance to hostile enchantments.
 K - a +1 shield of positive energy
 L - a +1 shield of fire resistance (worn)
 P - a +2 pair of gloves of archery (worn)
 R - the +9 shadow dragon scales "Paber" {MP+9 Stlth++++}
   (You bought it in a shop on level 15 of the Dungeon)

   It affects your magic capacity (+9).
   It makes you much more stealthy.
Jewellery
 e - an uncursed ring of poison resistance
 n - an uncursed ring of protection from cold
 v - an amulet of guardian spirit (around neck)
 x - an uncursed ring of protection from fire
 D - the ring of Contentment {+Blink rF- rC+ AC+3 SInv}
   (You took it off a boggart on level 4 of the Depths)

   [ring of protection]

   It affects your AC (+3).
   It makes you vulnerable to fire.
   It protects you from cold.
   It lets you see invisible.
   It lets you blink.
 G - a ring of see invisible (left hand)
 O - a ring of protection from magic (right hand)
 S - the ring "Cikkio Eseta" {rElec MR+ Dex+5}
   (You took it off a vampire mage on level 4 of the Depths)

   [ring of protection from magic]

   It affects your dexterity (+5).
   It insulates you from electricity.
   It affects your resistance to hostile enchantments.
 U - the ring of Shadows {Umbra +Inv Stlth+}
   (You took it off a deep elf death mage on level 3 of the Elven Halls)

   [ring of stealth]

   It lets you turn invisible.
   It makes you more stealthy.
Scrolls
 c - 3 scrolls of fog
 f - 11 scrolls of immolation
 l - 2 scrolls of magic mapping
 p - 18 scrolls of remove curse
 A - 9 scrolls of identify
 E - a scroll of summoning
 H - 4 scrolls of vulnerability
 N - 2 scrolls of amnesia
Potions
 a - 2 potions of cancellation
 h - 9 potions of ambrosia
 k - 4 potions of brilliance
 m - 5 potions of flight
 q - 6 potions of mutation
Books
 j - a manual of Polearms
 t - a manual of Polearms
Comestibles
 d - 45 rations


   Skills:
 * Level 20.9 Fighting
 - Level 10.1 Short Blades
 - Level 18.7(18.8) Axes
   Level 4.1(13.2) Maces & Flails
 * Level 19.1 Armour
 * Level 17.9 Dodging
 - Level 7.9 Stealth
 - Level 15.3 Shields
 - Level 6.6 Spellcasting
 - Level 2.9 Charms
 - Level 11.0 Necromancy


You had 16 spell levels left.
You knew the following spells:

 Your Spells              Type           Power        Failure   Level  Hunger
a - Infusion              Chrm           #...         8%          1    None
b - Spectral Weapon       Hex/Chrm       #.......     38%         3    ###....
c - Regeneration          Chrm/Necr      ###.......   4%          3    ###....
d - Mephitic Cloud        Conj/Pois/Air  #.......     58%         3    ###....
e - Blink                 Tloc           N/A          36%         2    ##.....
f - Deflect Missiles      Chrm/Air       #.........   100%        6    #######

Your spell library contained the following spells:

 Spells                   Type           Power        Failure   Level  Hunger
 Animate Skeleton         Necr           N/A          1%          1    None
 Pain                     Necr           ####         1%          1    None
 Corpse Rot               Necr           N/A          1%          2    ##.....
 Sublimation of Blood     Necr           ####......   1%          2    ##.....
 Vampiric Draining        Necr           ####......   1%          3    ###....
 Animate Dead             Necr           N/A          2%          4    ####...
 Song of Slaying          Chrm           #.......     12%         2    ##.....
 Shroud of Golubria       Chrm/Tloc      #.....       22%         2    ##.....
 Beastly Appendage        Tmut           #.....       26%         1    None
 Flame Tongue             Conj/Fire      #....        26%         1    None
 Freeze                   Ice            #...         26%         1    None
 Magic Dart               Conj           #...         26%         1    None
 Sandblast                Erth           #.....       26%         1    None
 Call Imp                 Summ           #.......     36%         2    ##.....
 Ensorcelled Hibernation  Hex/Ice        #.....       36%         2    ##.....
 Passwall                 Tmut/Erth      #.......     36%         2    ##.....
 Poisonous Vapours        Pois/Air       #.....       36%         2    ##.....
 Searing Ray              Conj           #.....       36%         2    ##.....
 Slow                     Hex            #.......     36%         2    ##.....
 Sticks to Snakes         Tmut           #.......     36%         2    ##.....
 Throw Flame              Conj/Fire      #.....       36%         2    ##.....
 Throw Frost              Conj/Ice       #.....       36%         2    ##.....
 Ozocubu's Armour         Chrm/Ice       #.......     38%         3    ###....
 Death Channel            Necr           ####......   38%         6    #######
 Conjure Flame            Conj/Fire      #.......     58%         3    ###....
 Dazzling Spray           Conj/Hex       #.....       58%         3    ###....
 Ignite Poison            Fire/Tmut/Pois #.......     58%         3    ###....
 Inner Flame              Hex/Fire       #.......     58%         3    ###....
 Recall                   Summ/Tloc      N/A          58%         3    ###....
 Spider Form              Tmut/Pois      #.........   58%         3    ###....
 Stone Arrow              Conj/Erth      #.....       58%         3    ###....
 Bolt of Draining         Conj/Necr      ##........   58%         5    ######.
 Borgnjor's Vile Clutch   Necr/Erth      ##........   58%         5    ######.
 Cause Fear               Hex            #.........   94%         4    ####...
 Force Lance              Conj/Tloc      #.......     94%         4    ####...
 Fulminant Prism          Conj/Hex       #.........   94%         4    ####...
 Ice Form                 Ice/Tmut       #.......     94%         4    ####...
 Iskenderun's Mystic Bla  Conj           #.......     94%         4    ####...
 Leda's Liquefaction      Hex/Erth       #.........   94%         4    ####...
 Petrify                  Tmut/Erth      #.......     94%         4    ####...
 Sticky Flame             Conj/Fire      #.......     94%         4    ####...
 Summon Ice Beast         Ice/Summ       #.......     94%         4    ####...
 Throw Icicle             Conj/Ice       #.......     94%         4    ####...
 Simulacrum               Ice/Necr       ##........   99%         6    #######
 Blade Hands              Tmut           #.........   100%        5    ######.
 Bolt of Magma            Conj/Fire/Erth #.........   100%        5    ######.
 Fireball                 Conj/Fire      #.........   100%        5    ######.
 Lee's Rapid Deconstruct  Erth           #.........   100%        5    ######.
 Metabolic Englaciation   Hex/Ice        #.........   100%        5    ######.
 Silence                  Hex/Air        #.........   100%        5    ######.
 Summon Forest            Summ/Tloc      #.........   100%        5    ######.
 Yara's Violent Unravell  Hex/Tmut       #.........   100%        5    ######.
 Bolt of Cold             Conj/Ice       #.........   100%        6    #######
 Bolt of Fire             Conj/Fire      #.........   100%        6    #######
 Darkness                 Hex            #.........   100%        6    #######
 Freezing Cloud           Conj/Ice/Air   #.........   100%        6    #######
 Hydra Form               Tmut           #.........   100%        6    #######
 Iron Shot                Conj/Erth      #.........   100%        6    #######
 Ozocubu's Refrigeration  Ice            #.........   100%        6    #######
 Shadow Creatures         Summ           N/A          100%        6    #######
 Statue Form              Tmut/Erth      #........    100%        6    #######
 Ring of Flames           Chrm/Fire      #.........   100%        7    #######
 Summon Hydra             Summ           #.........   100%        7    #######
 Discord                  Hex            #.........   100%        8    #######
 Ignition                 Fire           #.........   100%        8    #######
 Shatter                  Erth           #.........   100%        9    #######


Dungeon Overview and Level Annotations

Branches:
Dungeon (15/15)            Temple (0/1) D:7            Lair (6/6) D:10
  Swamp (4/4) Lair:2       Spider (4/4) Lair:2        Slime (0/5) Lair:6
    Orc (2/2) D:10            Elf (3/3) Orc:2        Vaults (3/5) D:14
  Crypt (0/3) Vaults:3     Depths (5/5) D:15            Zot (0/5) Depths:5

Altars:
Ashenzari
Cheibriados
Dithmenos
Elyvilon
Fedhas
Gozag
Hepliaklqana
Kikubaaqudgha
Nemelex Xobeh
Okawaru
Qazlal
Ru
Sif Muna
Trog
Xom
The Shining One
Beogh

Shops:
D:4 ?   D:7 (   D:13 ?   D:15 [   Orc:2 }[(:   Elf:2 %   Elf:3 **(
Vaults:1 ***   Vaults:2 =   Depths:3 ==}

Portals:
Hell: Depths:1 Depths:3 Depths:4 Depths:5
Abyss: Depths:3 Depths:4
Pandemonium: Depths:3

Annotations:
D:4 Runes
D:6 ChocolateEater's ghost, novice GrEE
Elf:2 1 runed translucent door
Depths:3 Boris
Depths:5 Get resistance


Innate Abilities, Weirdness & Mutations

You reflexively headbutt those who attack you in melee.
You have a pair of horns on your head.
You cannot study or use magical devices.
You take slightly more damage. (AC -5)
You are sensitive to extremes of temperature. (rF-, rC-)
You are somewhat resistant to further mutation.


Message History

Okay, then.
You're too confused!
Unknown command.
You're too confused!
Unknown command.
Okay, then.
Okay, then.
The deep troll earth mage is no longer moving slowly.
The frost giant hits your spriggan air mage with a +1 battleaxe of freezing!!
The frost giant freezes your spriggan air mage!
Your spriggan air mage dies!
Your spriggan air mage's corpse dissolves into shadows!
The frost giant hits your yaktaur with a +1 battleaxe of freezing!
The frost giant freezes your yaktaur!
Your yaktaur dies!
Your yaktaur's corpse dissolves into shadows!
The flayed ghost begins to attack, but is stunned by your will!
The frost giant casts a spell at you. The bolt of cold hits you!!
You die...

##########
.........####
..#......#..#
.###.......# ##
###.#......##..#
..#..#.........#
..#...........####
..#...........##@#
######..#........#
. #(..#........C###
.##.....#.#...C...#
###.#.#....D.T.W..#
#....#.#...c.W..#
#....Y..#.Y#....#
#....#......#...#
...#.....)#....# #


You could see 2 frost giants, an ice dragon, 2 flayed ghosts, a deep troll earth
mage (unaware), a sky beast and a friendly yaktaur.

Vanquished Creatures
  A juggernaut (Depths:3)
  Frederick (Vaults:2)
  Xtahua (Depths:4)
  Saint Roka (Depths:3)
  A golden dragon (Depths:4)
  Nikola (Swamp:3)
  Rupert (D:15)
  A tentacled monstrosity (Depths:4)
  4 liches
  A quicksilver dragon (Depths:4)
  Asterion (Spider:3)
  4 deep elf blademasters (Elf:3)
  3 deep elf master archers
  4 thorn hunters
  A sphinx (Depths:4)
  2 storm dragons
  Kirke (D:13)
  A tengu reaver (Vaults:2)
  Donald (Elf:3)
  A shadow dragon (Depths:5)
  8 fire giants
  A draconian knight (Depths:5)
  A frost giant (Depths:5)
  5 ghost moths
  A vault warden (Vaults:1)
  Aizul (Spider:1)
  An iron dragon (Depths:3)
  4 deep elf sorcerers
  An orc warlord (Elf:3)
  4 emperor scorpions (Spider:4)
  4 deep elf elementalists (Elf:3)
  A curse skull (Vaults:3)
  A reaper (Depths:3)
  11 very ugly things
  A caustic shrike skeleton (Depths:4)
  4 stone giants
  7 ironheart preservers
  4 vampire knights
  4 entropy weavers
  3 deep elf demonologists (Elf:3)
  2 green draconians (Depths:5)
  Azrael (Spider:2)
  A black draconian (Depths:5)
  8 spark wasps
  A red draconian (Depths:5)
  5 deep elf annihilators (Elf:3)
  2 white draconians (Depths:5)
  Snorg (Lair:5)
  A purple draconian (Depths:5)
  2 yellow draconians (Depths:5)
  6 ettins
  9 deep elf death magi
  The ghost of Edwin the Fighter, a journeyman FoFi of Ru (Orc:2)
  An ettin (shapeshifter) (Depths:4)
  A merfolk impaler (D:13)
  11 ogre magi
  9 fire dragons
  8 great orbs of eyes
  10 rakshasas
  5 deep elf high priests
  6 yaktaur captains
  4 vault guards (D:14)
  18 hydras
  12 ice dragons
  5 spriggan air magi
  4 ghost crabs
  A hell beast (Depths:1)
  13 alligators
  A death knight (D:15)
  9 centaur warriors
  30 two-headed ogres
  A merfolk avatar (D:13)
  5 tengu warriors
  2 shambling mangroves
  12 dancing weapons
  6 deep troll shamans
  2 deep troll earth magi
  6 death yaks (Lair:5)
  Urug (D:11)
  3 vampire magi (Depths:4)
  2 orc high priests
  32 slime creatures
  5 spriggan berserkers
  10 deep elf knights
  7 hell knights
  A soul eater (Depths:1)
  A spriggan (Swamp:3)
  Sonja (Lair:1)
  A sun demon (Depths:3)
  A shadow wraith (Vaults:2)
  An iron troll (Depths:2)
  6 skeletal warriors
  20 deep trolls
  2 glowing orange brains
  A golden dragon zombie (D:15)
  An unseen horror (shapeshifter) (Depths:1)
  4 wizards
  2 spriggan druids
  10 deep elf archers
  2 torturous demonspawn (Depths:3)
  A flayed ghost (D:15)
  An obsidian statue (D:13)
  12 swamp dragons
  A lindwurm (Lair:6)
  6 harpies
  4 ironbrand convokers
  10 necromancers
  6 orc knights
  A phantasmal warrior (Depths:4)
  3 cyclopes
  An orb spider (shapeshifter) (Vaults:1)
  15 orb spiders
  5 orc sorcerers (Orc:2)
  32 wolf spiders
  37 deep elf magi
  A manticore (D:14)
  34 ugly things
  5 wolf spider zombies (Spider:1)
  3 moths of wrath
  7 elephants
  3 centaur zombies
  A faun (shapeshifter) (D:15)
  A rust devil (Depths:1)
  2 spriggan zombies (D:15)
  7 vault sentinels
  Maurice (D:12)
  A fire giant skeleton (Depths:3)
  5 black mambas
  2 guardian serpents (shapeshifter) (Depths:4)
  A gargoyle (D:10)
  A spiny frog (shapeshifter) (Depths:4)
  A yaktaur (shapeshifter) (Vaults:2)
  16 spiny frogs
  6 torpor snails
  A rime drake (Lair:6)
  10 demonic crawlers
  9 redback zombies (Spider:1)
  32 yaktaurs
  5 komodo dragons
  The ghost of lavawurm the Chopper, a novice GrFi (D:4)
  2 freezing wraiths
  3 kobold demonologists (D:15)
  An entropy weaver simulacrum (Vaults:1)
  A hellwing (Depths:3)
  A golden dragon simulacrum (Depths:3)
  4 trolls
  4 meliai
  3 tengu conjurers
  A queen bee (shapeshifter) (Depths:4)
  A wolf spider simulacrum (D:15)
  A wind drake (shapeshifter) (Vaults:3)
  Grinder (D:5)
  11 tyrant leeches
  30 jumping spiders
  3 saltlings (Elf:2)
  11 polar bears
  5 bog bodies
  19 hornets
  2 large abominations (Elf:1)
  11 tarantella zombies (Spider:1)
  2 raiju (Lair:6)
  12 blink frogs
  A fire giant simulacrum (Depths:1)
  7 hippogriffs
  A flying skull (Vaults:3)
  Sigmund (D:6)
  7 air elementals
  4 shadows
  23 tarantellas
  5 water elementals
  3 wraiths
  3 wyverns
  A tarantella (shapeshifter) (Depths:4)
  A hog (D:13)
  63 redbacks
  2 yaks (shapeshifter)
  A spriggan (shapeshifter) (D:14)
  6 basilisks
  8 fire elementals
  37 yaks
  Grum (Lair:1)
  A basilisk (shapeshifter) (Vaults:1)
  A steam dragon (D:13)
  A yaktaur simulacrum (Vaults:1)
  A human (shapeshifter) (D:14)
  3 two-headed ogre zombies (D:10)
  4 hungry ghosts
  Menkaure (D:5)
  21 vampire mosquitoes
  6 wargs
  A warg (shapeshifter) (Depths:4)
  6 insubstantial wisps (Swamp:1)
  4 acid dragons
  15 swamp worms
  11 water moccasins
  A soldier ant (D:11)
  2 floating eyes (shapeshifter)
  A floating eye (Depths:3)
  17 hell hounds
  3 porcupines
  8 swamp drakes
  A human skeleton (D:15)
  37 orc warriors
  3 sky beasts
  7 ice beasts
  A black bear (shapeshifter) (Vaults:2)
  19 ogres
  6 phantoms
  2 ettin simulacra
  11 black bears (Lair:6)
  12 centaurs
  5 crocodiles
  9 boggarts
  A crocodile (shapeshifter) (Depths:3)
  29 wolves
  A centaur (shapeshifter) (Vaults:1)
  An elf zombie (Elf:1)
  19 bullfrogs
  A big kobold (shapeshifter) (Vaults:1)
  3 big kobolds
  A gnoll sergeant (D:7)
  A wyvern zombie (D:13)
  5 earth elementals
  4 scorpions
  9 killer bees
  9 wights
  A human simulacrum (Vaults:3)
  6 howler monkeys
  2 electric eels
  A crimson imp (D:15)
  A bullfrog zombie (D:12)
  6 centaur skeletons
  9 hounds
  18 jellies
  A gnoll shaman (D:8)
  25 orc priests
  42 orc wizards
  4 bullfrog skeletons
  3 iguanas
  18 worker ants
  5 ogre zombies (D:10)
  A hound zombie (D:10)
  3 hound skeletons (D:4)
  2 worker ant zombies
  15 gnolls
  15 adders
  6 shadow imps
  12 white imps (Lair:1)
  An ooze (D:1)
  4 adder skeletons
  4 worms
  2 dart slugs (D:1)
  11 leopard geckos
  95 orcs
  3 ball pythons
  5 giant cockroaches
  10 goblins
  8 hobgoblins
  13 jackals
  14 kobolds
  4 quokkas
  8 bats
  5 frilled lizards
  4 goblin skeletons (D:10)
  2 goblin zombies (D:10)
  A hobgoblin skeleton (D:10)
  2 hobgoblin zombies (D:10)
  A leopard gecko zombie (D:7)
  2 orc skeletons (D:10)
  14 orc zombies (D:10)
  11 rats
  3 crawling corpses (Depths:4)
1758 creatures vanquished.

Vanquished Creatures (collateral kills)
  A caustic shrike (Depths:4)
  A vault warden (Vaults:1)
  An ironheart preserver (Vaults:1)
  A two-headed ogre (Vaults:1)
  2 ironbrand convokers (Vaults:1)
6 creatures vanquished.

Vanquished Creatures (others)
  A fire giant (Depths:4)
  An emperor scorpion (Spider:4)
  A spark wasp (Depths:4)
  2 hydras (Swamp:4)
  An ice dragon (Depths:4)
  3 alligators
  2 dancing weapons (Elf:1)
  A spriggan (Swamp:4)
  A deep elf knight (Elf:2)
  A wolf spider zombie (Spider:1)
  An ironbrand convoker (Elf:2)
  A harpy (Vaults:1)
  An orc knight (Elf:3)
  A cyclops (D:14)
  An ugly thing (Depths:5)
  3 deep elf magi
  2 wolf spiders
  2 spiny frogs
  A komodo dragon (Lair:3)
  A yaktaur (Depths:4)
  A tengu conjurer (Depths:1)
  2 jumping spiders (Lair:2)
  A hornet (Swamp:4)
  A blink frog (Lair:5)
  A bog body (Swamp:1)
  2 redbacks
  A tarantella (Spider:1)
  A large abomination (Elf:1)
  A basilisk (Lair:1)
  2 humans (D:13)
  A swamp worm (Swamp:1)
  A hell hound (Lair:6)
  An ice beast (D:11)
  An eye of draining (shapeshifter) (Vaults:2)
  A centaur (D:13)
  A bullfrog (D:11)
  A bullfrog zombie (D:4)
  A leopard gecko (D:7)
  4 orcs
  A quokka (D:11)
  3 fungi (Lair:6)
  38 plants
  3 withered plants (D:15)
98 creatures vanquished.

Grand Total: 1862 creatures vanquished

Notes
Turn   | Place    | Note
-------+----------+-------------------------------------------
     0 | D:1      | Inquire the Minotaur Skald began the quest for the Orb.
     0 | D:1      | Reached XP level 1. HP: 18/18 MP: 1/1
    93 | D:1      | Reached XP level 2. HP: 21/25 MP: 3/3
   216 | D:1      | Reached skill level 3 in Fighting
   584 | D:1      | Reached XP level 3. HP: 29/31 MP: 4/4
  1109 | D:2      | Reached XP level 4. HP: 31/40 MP: 5/5
  1259 | D:2      | Found a sacrificial altar of Ru.
  1748 | D:3      | Reached skill level 4 in Fighting
  1819 | D:3      | Reached XP level 5. HP: 27/46 MP: 4/6
  2056 | D:2      | Became a worshipper of Ru the Awakened
  2280 | D:3      | Found a hazy altar of Hepliaklqana.
  2281 | D:3      | Found an ancient bone altar of Kikubaaqudgha.
  2282 | D:3      | Found a deep blue altar of Sif Muna.
  2413 | D:3      | Found an iron altar of Okawaru.
  2608 | D:3      | Reached skill level 1 in Short Blades
  2641 | D:3      | Reached XP level 6. HP: 36/55 MP: 7/7
  2688 | D:3      | Learned a level 3 spell: Spectral Weapon
  2725 | D:3      | Found an opulent altar of Gozag.
  2955 | D:3      | Reached skill level 5 in Fighting
  3248 | D:4      | Found a transporter.
  3248 | D:4      | Noticed lavawurm's ghost (novice GrFi)
  3345 | D:4      | Found Cytocauck's Magic Scroll Emporium.
  3410 | D:4      | Gained mutation: You are sensitive to extremes of
                  | temperature. (rF-, rC-) [Ru sacrifice]
  3410 | D:4      | Reached * piety under Ru
  3410 | D:4      | Reached ** piety under Ru
  3410 | D:4      | Reached *** piety under Ru
  3411 | D:4      | Reached XP level 7. HP: 32/61 MP: 8/8
  3604 | D:4      | Found a transporter.
  3864 | D:5      | Entered Level 5 of the Dungeon
  4148 | D:5      | Noticed Menkaure
  4155 | D:5      | Killed Menkaure
  4155 | D:5      | Reached skill level 6 in Fighting
  4163 | D:5      | Noticed Grinder
  4183 | D:5      | Killed Grinder
  4329 | D:5      | Found a shattered altar of Ashenzari.
  4405 | D:5      | Reached XP level 8. HP: 64/71 MP: 9/9
  4511 | D:5      | Found a snail-covered altar of Cheibriados.
  4670 | D:5      | Reached skill level 7 in Fighting
  5023 | D:6      | Reached skill level 5 in Short Blades
  5071 | D:6      | Reached skill level 5 in Armour
  5105 | D:6      | Reached skill level 5 in Dodging
  5254 | D:6      | Found a stormy altar of Qazlal.
  5418 | D:6      | Noticed ChocolateEater's ghost (novice GrEE)
  5418 | D:6      | Noticed a deep elf mage
  5419 | D:6      | Found a runed translucent gate.
  5419 | D:6      | Found a runed translucent gate.
  5419 | D:6      | Found a runed translucent gate.
  5462 | D:6      | Noticed Sigmund
  5515 | D:6      | Killed Sigmund
  5515 | D:6      | Reached skill level 8 in Fighting
  5771 | D:7      | Found Ketzag's Weapon Emporium.
  5788 | D:7      | Found a staircase to the Ecumenical Temple.
  5868 | D:7      | Reached XP level 9. HP: 74/82 MP: 10/10
  6094 | D:7      | Reached skill level 9 in Fighting
  6113 | D:7      | Gained mutation: You cannot study or use magical devices.
                  | [Ru sacrifice]
  6113 | D:7      | Reached **** piety under Ru
  6113 | D:7      | Reached ***** piety under Ru
  6853 | D:7      | Found a stormy altar of Qazlal.
  7001 | D:7      | Found a sparkling altar of Nemelex Xobeh.
  7725 | D:8      | Found a shadowy altar of Dithmenos.
  8210 | D:9      | Found a white marble altar of Elyvilon.
  8361 | D:9      | Found a blossoming altar of Fedhas.
  8420 | D:9      | Reached skill level 10 in Fighting
  8567 | D:9      | Found a bloodstained altar of Trog.
  9026 | D:6      | Reached XP level 10. HP: 89/93 MP: 9/11
  9522 | D:4      | Found a sparkling altar of Nemelex Xobeh.
  9566 | D:4      | Found a shimmering altar of Xom.
  9594 | D:4      | Found a glowing golden altar of the Shining One.
  9702 | D:4      | Killed lavawurm's ghost
  9889 | D:4      | Bought a scroll of brand weapon for 220 gold pieces
  9986 | D:6      | Killed a deep elf mage
 10360 | D:10     | Entered Level 10 of the Dungeon
 10374 | D:10     | Noticed a two-headed ogre
 10375 | D:10     | Noticed a two-headed ogre
 10594 | D:9      | Reached skill level 11 in Fighting
 10649 | D:9      | Paralysed by a hornet for 3 turns
 10669 | D:9      | Paralysed by a hornet for 2 turns
 10941 | D:9      | Killed a two-headed ogre
 10985 | D:10     | Killed a two-headed ogre
 10985 | D:10     | Reached skill level 10 in Short Blades
 11119 | D:10     | Found a staircase to the Orcish Mines.
 11285 | D:10     | Reached XP level 11. HP: 97/104 MP: 12/12
 11377 | D:10     | Noticed a five-headed hydra
 11381 | D:10     | Noticed a two-headed ogre
 11429 | D:10     | Killed a five-headed hydra
 11448 | D:10     | Reached skill level 1 in Stealth
 11466 | D:10     | Reached skill level 12 in Fighting
 11555 | D:10     | Killed a two-headed ogre
 11729 | D:10     | Found a staircase to the Lair.
 12004 | D:11     | Noticed Urug
 12175 | D:11     | Found a white marble altar of Elyvilon.
 12323 | D:11     | Killed Urug
 12545 | D:11     | Got an ichor-stained leather armour
 12546 | D:11     | Identified the +0 leather armour of Elemyusm {Str+4} (You
                  | found it on level 11 of the Dungeon)
 12893 | D:11     | Reached skill level 13 in Fighting
 13445 | D:12     | Noticed a deep elf mage
 13459 | D:12     | Killed a deep elf mage
 13539 | D:12     | Noticed Maurice
 14369 | D:12     | Reached skill level 5 in Stealth
 14715 | D:12     | Killed Maurice
 14715 | D:12     | Reached XP level 12. HP: 112/115 MP: 7/13
 14779 | D:13     | Noticed a six-headed hydra
 14838 | D:13     | Noticed a centaur warrior
 14870 | D:13     | Killed a centaur warrior
 14990 | D:13     | Noticed a tengu warrior
 15001 | D:13     | Killed a tengu warrior
 15001 | D:13     | Reached skill level 10 in Armour
 15041 | D:13     | Noticed a centaur warrior
 15048 | D:13     | Killed a centaur warrior
 15291 | D:13     | Killed a six-headed hydra
 15291 | D:13     | Reached skill level 14 in Fighting
 15369 | D:13     | You fall into a shaft and drop 2 floors!
 15369 | D:15     | Entered Level 15 of the Dungeon
 15698 | D:13     | Found Podwaoco's Magic Scroll Shoppe.
 15724 | D:13     | Noticed a two-headed ogre
 15726 | D:13     | Killed a two-headed ogre
 15760 | D:13     | Noticed Kirke
 15808 | D:13     | Noticed a sphinx
 15854 | D:13     | Found a runed translucent door.
 15855 | D:13     | Found a runed translucent door.
 15855 | D:13     | Noticed a merfolk avatar
 15855 | D:13     | Noticed a merfolk impaler
 15886 | D:13     | Found a runed translucent door.
 15919 | D:13     | Killed Kirke
 16231 | D:13     | Learned a level 3 spell: Regeneration
 16328 | Lair:1   | Entered Level 1 of the Lair of Beasts
 16399 | Lair:1   | Reached skill level 10 in Dodging
 16499 | Lair:1   | Noticed Sonja
 16525 | Lair:1   | Killed Sonja
 16681 | Lair:1   | Noticed a seven-headed hydra
 16705 | Lair:1   | Killed a seven-headed hydra
 16866 | Lair:1   | Reached XP level 13. HP: 113/125 MP: 14/14
 17125 | Lair:1   | Found a frozen archway.
 17329 | Lair:1   | Noticed Grum
 17350 | Lair:1   | Killed Grum
 17723 | Lair:2   | Found a sacrificial altar of Ru.
 17744 | Lair:2   | Found a hole to the Spider Nest.
 17768 | Lair:2   | Found a staircase to the Swamp.
 17792 | Lair:2   | Reached skill level 15 in Fighting
 20064 | Lair:5   | Reached skill level 16 in Fighting
 20367 | Lair:5   | Reached skill level 1 in Shields
 20680 | Lair:5   | Noticed Snorg
 20705 | Lair:5   | Killed Snorg
 20886 | Lair:6   | Entered Level 6 of the Lair of Beasts
 20957 | Lair:6   | Found a staircase to the Slime Pits.
 21176 | Lair:6   | Reached XP level 14. HP: 101/138 MP: 15/15
 21357 | Lair:6   | Reached skill level 5 in Shields
 21403 | Lair:6   | Reached skill level 17 in Fighting
 22835 | Lair:6   | Found a runed translucent door.
 23342 | Orc:1    | Entered Level 1 of the Orcish Mines
 23459 | Orc:1    | Found a roughly hewn altar of Beogh.
 23486 | Orc:1    | Reached skill level 10 in Shields
 23862 | Orc:2    | Entered Level 2 of the Orcish Mines
 24175 | Orc:2    | Found a staircase to the Elven Halls.
 24228 | Orc:2    | Found a large runed translucent door.
 24229 | Orc:2    | Found a large runed translucent door.
 24230 | Orc:2    | Noticed Edwin's ghost (journeyman FoFi)
 24423 | Orc:2    | Gained mutation: You are somewhat resistant to further
                  | mutation. [a neqoxec]
 24444 | Orc:2    | Paralysed by an orc sorcerer for 6 turns
 24865 | Orc:2    | Found Wenoad's Book Emporium.
 24865 | Orc:2    | Found Iqee's Antique Weapon Emporium.
 24866 | Orc:2    | Found Ekhlanurph's Gadget Shoppe.
 24870 | Orc:2    | Found Naellucu's Antique Armour Shoppe.
 24936 | Orc:2    | Bought a glowing shield for 217 gold pieces
 24939 | Orc:2    | Bought a pitted glaive for 414 gold pieces
 24939 | Orc:2    | Bought a slimy battleaxe for 414 gold pieces
 25266 | D:14     | Reached skill level 18 in Fighting
 25777 | D:14     | Reached XP level 15. HP: 134/149 MP: 14/16
 26013 | D:14     | Found a gate to the Vaults.
 26611 | D:15     | Found Jestos's Antique Armour Emporium.
 26613 | D:15     | Bought a pair of glowing gloves for 247 gold pieces
 27094 | D:15     | Noticed Rupert
 27207 | D:15     | Found a staircase to the Depths.
 27656 | D:14     | Identified the +7 glaive "Qoups" {antimagic, rPois Int+4}
                  | (You bought it in a shop on level 2 of the Orcish Mines)
 28575 | D:15     | Got a slimy ring mail
 28586 | D:15     | Identified the +1 ring mail "Zaxapofuimp" {Regen+ Str-4
                  | Int+6} (You found it on level 15 of the Dungeon)
 30332 | Orc:2    | Killed Edwin's ghost
 30388 | Elf:1    | Entered Level 1 of the Elven Halls
 30408 | Elf:1    | Reached skill level 1 in Axes
 30681 | Elf:1    | Noticed a deep elf sorcerer
 30984 | Elf:2    | Found a ruined gateway.
 31222 | Elf:3    | Entered Level 3 of the Elven Halls
 31235 | Elf:3    | Found Wosypnok's General Store.
 31264 | Elf:3    | Found Cucezxut's General Store.
 31483 | Elf:3    | Noticed Donald
 31746 | Elf:2    | Identified the cursed +1 quarterstaff of the Bear {flame,
                  | +Fly}
 31808 | Elf:2    | Reached skill level 15 in Shields
 31955 | Elf:2    | Found a runed translucent door.
 31977 | Elf:2    | Found a runed translucent door.
 32059 | Elf:2    | Found Qadghadea's Food Emporium.
 32741 | Elf:2    | Killed a deep elf sorcerer
 33491 | Lair:1   | Identified the +11 battleaxe of Chance {chop, rPois} (You
                  | bought it in a shop on level 2 of the Orcish Mines)
 33751 | Elf:1    | Reached XP level 16. HP: 154/159 MP: 16/18
 34173 | Elf:1    | Reached skill level 5 in Axes
 34933 | Elf:1    | Identified the Papyrus of Black Rites
 35542 | Elf:3    | Bought the quicksilver dragon scales of the Salamander
                  | {*Drain rElec rPois MR+ Str+4} for 1134 gold pieces
 35542 | Elf:3    | Bought a potion of heal wounds for 70 gold pieces
 35731 | Swamp:1  | Entered Level 1 of the Swamp
 35819 | Spider:1 | Entered Level 1 of the Spider Nest
 36050 | Spider:1 | Reached skill level 10 in Axes
 36057 | Spider:1 | Gained mutation: You take slightly more damage. (AC -5) [Ru
                  | sacrifice]
 36057 | Spider:1 | Reached ****** piety under Ru
 36419 | Spider:2 | Noticed Aizul
 36442 | Spider:1 | Killed Aizul
 36871 | Spider:2 | You fall into a shaft and drop 1 floor!
 38088 | Spider:2 | Noticed Azrael
 38102 | Spider:2 | Killed Azrael
 39376 | Spider:1 | Reached XP level 17. HP: 124/166 MP: 4/19
 39701 | D:13     | Bought a scroll of enchant weapon for 127 gold pieces
 39779 | D:15     | Killed Rupert
 40298 | D:4      | Bought a scroll of enchant weapon for 82 gold pieces
 40307 | D:4      | Learned a level 3 spell: Mephitic Cloud
 40692 | Swamp:1  | Reached skill level 15 in Axes
 41891 | Swamp:2  | Got a faintly humming cloak
 41892 | Swamp:2  | Identified the +1 cloak "Xuma" {MR++} (You found it on
                  | level 2 of the Swamp)
 42378 | Swamp:3  | Noticed Nikola
 42398 | Swamp:3  | Killed Nikola
 43216 | Swamp:4  | Entered Level 4 of the Swamp
 45030 | Swamp:4  | Got a decaying rune of Zot
 45075 | Swamp:4  | Identified the +4 war axe of the Unkillable {flame, +Blink
                  | rElec rC- Dex+2} (You found it on level 4 of the Swamp)
 45537 | Spider:4 | Entered Level 4 of the Spider Nest
 45554 | Spider:4 | Reached XP level 18. HP: 120/173 MP: 6/20
 46028 | Spider:4 | Paralysed by a hornet for 2 turns
 46114 | Spider:4 | Got a faintly humming buckler
 46115 | Spider:4 | Identified the +3 buckler of Intuition {-Cast rF+ Str+2}
                  | (You found it on level 4 of the Spider Nest)
 46230 | Spider:4 | Noticed Asterion
 46728 | Spider:4 | Got a gossamer rune of Zot
 47134 | Spider:3 | Killed Asterion
 47999 | Vaults:1 | Entered Level 1 of the Vaults
 48277 | Vaults:1 | Identified 2 scrolls of acquirement
 48436 | Vaults:1 | Reached skill level 1 in Necromancy
 49036 | Vaults:1 | Reached skill level 15 in Armour
 49145 | Vaults:1 | Found Gozag's Assorted Antiques.
 49150 | Vaults:1 | Found an opulent altar of Gozag.
 49150 | Vaults:1 | Found Gozag's Assorted Antiques.
 49158 | Vaults:1 | Found Gozag's Assorted Antiques.
 49346 | Vaults:1 | Reached XP level 19. HP: 146/181 MP: 21/21
 49754 | Vaults:1 | Found Fysiril's Armour Boutique.
 49787 | Vaults:2 | Noticed Frederick
 49811 | Vaults:2 | Killed Frederick
 49811 | Vaults:2 | Reached skill level 5 in Necromancy
 50438 | Vaults:2 | Found Essiurar's Jewellery Shoppe.
 52225 | Vaults:3 | Reached skill level 15 in Dodging
 52795 | Vaults:3 | Found a staircase to the Crypt.
 53538 | D:15     | Bought polished shadow dragon scales for 2805 gold pieces
 53538 | D:15     | Identified the +9 shadow dragon scales "Paber" {MP+9
                  | Stlth++++} (You bought it in a shop on level 15 of the
                  | Dungeon)
 53831 | Elf:3    | Found the +2 cloak of the Thief {+Fog Slay-2 SInv Stlth+}
 54435 | Elf:3    | Killed Donald
 54560 | Elf:3    | Found Ibieff's Antique Weapon Shop.
 55138 | Elf:3    | Reached XP level 20. HP: 97/189 MP: 8/25
 55902 | Elf:3    | Reached skill level 10 in Necromancy
 55925 | Elf:3    | Reached skill level 5 in Spellcasting
 55955 | Elf:3    | Identified the +12 broad axe "Sabicw" {flame, +Rage rPois
                  | Int+3 Dex-5}
 56338 | Elf:3    | Identified the +3 spear of Disembowelment {drain, *Slow
                  | MP+9 Int+4 SInv}
 56830 | Depths:1 | Entered Level 1 of the Depths
 57360 | Depths:1 | Found a flickering gateway to a bazaar.
 57501 | Bazaar   | Entered a bazaar
 57514 | Bazaar   | Found Vanuocso's Weapon Shoppe.
 57514 | Bazaar   | Found Oczuoh's Weapon Shoppe.
 57550 | Bazaar   | Found Aklureo's Food Emporium.
 57550 | Bazaar   | Found Zakusty's Weapon Emporium.
 57568 | Bazaar   | Bought a +3 quick blade for 224 gold pieces
 57580 | Bazaar   | Bought a ration for 50 gold pieces
 57580 | Bazaar   | Bought a ration for 50 gold pieces
 57580 | Bazaar   | Bought a ration for 50 gold pieces
 57580 | Bazaar   | Bought a ration for 50 gold pieces
 57580 | Bazaar   | Bought a ration for 50 gold pieces
 57580 | Bazaar   | Bought a ration for 50 gold pieces
 57580 | Bazaar   | Bought a ration for 50 gold pieces
 57580 | Bazaar   | Bought a ration for 50 gold pieces
 57697 | Depths:1 | Found a gateway to Hell.
 58503 | Depths:2 | You fall into a shaft and drop 1 floor!
 58504 | Depths:3 | Noticed a juggernaut
 58526 | Depths:3 | Killed a juggernaut
 58526 | Depths:3 | Reached skill level 19 in Fighting
 58529 | Depths:3 | Found Rauchec's Gadget Emporium.
 58529 | Depths:3 | Found Qiomp's Jewellery Shop.
 59255 | Depths:3 | Found a one-way gate to the infinite horrors of the Abyss.
 59535 | Depths:3 | Found Liklogil's Jewellery Shop.
 59591 | Depths:3 | Reached XP level 21. HP: 144/198 MP: 10/30
 59661 | Depths:3 | Found a one-way gate leading to the halls of Pandemonium.
 59722 | Depths:3 | Noticed Saint Roka
 59746 | Depths:3 | Killed Saint Roka
 59762 | Depths:3 | Noticed Boris
 60950 | Depths:5 | Entered Level 5 of the Depths
 61576 | Depths:5 | Reached skill level 20 in Fighting
 61739 | Depths:5 | Found a gate to the Realm of Zot.
 61913 | Depths:5 | Learned a level 2 spell: Blink
 61920 | Depths:5 | Learned a level 6 spell: Deflect Missiles
 63103 | Depths:4 | Identified the +4 scythe of Roinnus {vamp, *Noise rF++
                  | Int+9}
 63103 | Depths:4 | Identified the +2 robe of the Blacksmith {rC+ rN++ Str+4}
 63424 | Depths:4 | Identified the ring of Contentment {+Blink rF- rC+ AC+3
                  | SInv}
 63436 | Depths:4 | Noticed a golden dragon
 63696 | Depths:4 | Reached XP level 22. HP: 136/211 MP: 6/31
 63844 | Depths:4 | Killed a golden dragon
 64271 | Depths:4 | Identified the ring "Cikkio Eseta" {rElec MR+ Dex+5}
 64342 | Depths:4 | Noticed a caustic shrike
 64344 | Depths:4 | Noticed Xtahua
 64352 | Depths:4 | Noticed a caustic shrike
 64364 | Depths:4 | Killed Xtahua
 64369 | Depths:4 | HP: 4/211 [deep troll earth mage/blast of rock fragments
                  | (22)]
 64370 | Depths:4 | Killed a caustic shrike
 64373 | Depths:4 | Killed from afar by a frost giant

Levels and vault maps discovered:
D:1:      dpeg_arrival_shrine, layout_loops_ring, skrybe_limestone_x
D:2:      layout_loops_ring, hangedman_ru_absence, first_ration
D:3:      minmay_skewed_foursquare, layout_basic, grunt_gozag_breadcrumbs,
          okawaru_altar_gauntlet_db, chequers_temple_overflow_statue_of_worship
D:4:      layout_cave_pools, kennysheep_mini_moat, lemuel_crystal_altar,
          gammafunk_ghost_mausoleum, serial_shops, kennysheep_mini,
          nemelex_diamond_rough_becter
D:5:      layout_basic, ashenzari_altar_1, cheibrodos_worm_habitat,
          uniq_grinder, uniq_menkaure
D:6:      layout_loops_ring, gammafunk_ghost_split,
          nicolae_qazlal_general_emergency, uniq_sigmund
D:7:      layout_layer_cave, kennysheep_little_box, marbit_many_paths,
          minmay_temple_entry_sparse_star, serial_shops, nicolae_shop_trees,
          grunt_ogre_cave
D:8:      layout_cave_pods, basic_altar
D:9:      layout_loops_ring, nicolae_overflow_hidden_temple,
          lightli_temple_of_fire, serial_glass, glass_columns_a,
          glass_columns_a, glass_columns_a, glass_columns_a, glass_columns_c,
          glass_columns_a, glass_columns_a, glass_columns_b, glass_columns_a,
          glass_columns_b, fedhas_altar_1
D:10:     layout_cross, david_lair_shrubbed, zombieorc2_lemuel,
          minmay_unpleasant_kobolds
D:11:     layout_layer_cave, hangedman_abyss_or_decor_lesser_grid,
          elyvilon_altar_4, uniq_urug
D:12:     layout_loops_corners, uniq_maurice
D:13:     layout_basic, serial_shops, shop, minivault_16, mikee_hates_you,
          uniq_kirke
D:14:     layout_basic, lightli_vaults_fourway_checkpoint
D:15:     gammafunk_depths_entry_grave, layout_loops_ring,
          minmay_misc_feat_nine_boxes, serial_shops, shop, uniq_rupert
Lair:1:   layout_cave_pods, portal_ice_cave_entry_imps, minivault_11, uniq_grum,
          uniq_sonja
Lair:2:   layout_layer_cave, minmay_swamp_entry_swarm,
          spider_nest_entry_funnel_web, basic_altar, infiniplex_staircase_pool
Lair:3:   layout_roguey, minivault_23, beast_lair_carwin_2
Lair:4:   layout_loops_ring
Lair:5:   layout_regular_city, eino_small_chamber_without_monster,
          beast_lair_carwin_5, grunt_megastairs_4, lemuel_fruit_fields,
          uniq_snorg
Lair:6:   wormcave, layout_long_grid, hangedman_lair_caniforms_friends,
          minmay_slime_entry_jelly_boxes
Swamp:1:  layout_basic_swamp, evilmike_swamp_ruin_house_5, swamp_pool1
Swamp:2:  layout_basic_swamp, evilmike_swamp_ruin_rubble_2
Swamp:3:  layout_falls_marsh, evilmike_swamp_ruin_house_2, uniq_nikola
Swamp:4:  swamp_alternative, layout_basic_swamp, swamp_pool3
Spider:1: lemuel_spider_zombies
Spider:2: layout_spider_delve, uniq_azrael, uniq_aizul
Spider:3: layout_spider_delve, nicolae_spider_circle_web
Spider:4: grunt_spider_rune_island, hangedman_stitches_earthworm, uniq_asterion
Orc:1:    layout_caves, mines2_david
Orc:2:    st_orc_mages, layout_diamond_mine, ebering_ghost_disaster_area
Elf:1:    layout_loops_ring, minmay_elf_necromancy, eino_tiny_chamber,
          roderic_roman_lattice
Elf:2:    layout_geoelf_grid, serial_shops, shop,
          portal_desolation_entry_nicolae_nacl
Elf:3:    minmay_elf_hall_circle, layout_loops_ring, special_room
          [special_room_orc], serial_shops, shop, nicolae_shop_trees,
          nicolae_shop_trees, uniq_donald
Vaults:1: nicolae_vaults_mini_display_case, v_misc_31,
          kennysheep_vaults_gozag_temple, grunt_vaults_funnel,
          nicolae_vaults_little_squares_4, v_misc_25, v_misc_23,
          hangedman_vaults_stretched_pinwheel, v_misc_24,
          vaults_standard_mumra_x, grunt_vaults_hallway_short,
          layout_vaults_big_room, serial_shops, shop
Vaults:2: nicolae_vaults_fighting_squares, nicolae_vaults_network_barrier,
          ontoclasm_vaults_idyll, vaults_dpeg_spiral, nicolae_vaults_theta,
          v_misc_12, vaults_standard_mumra_lines, vaults_dpeg_cross,
          vaults_mumra_hex, nicolae_vaults_alarming, nicolae_vaults_gold_heap,
          layout_vaults_omnigrid, serial_shops, nicolae_shop_behind_doors,
          uniq_frederick
Vaults:3: kb_rosetta, vaults_mumra_chevron, minmay_crypt_entry_simple_walls,
          v_misc_10, vaults_dpeg_ring, nicolae_vaults_little_squares_1,
          grunt_vaults_diagonal, v_alt_pattern_1, vaults_dpeg_diagonal,
          ontoclasm_vaults_chip, v_rooms_1, v_misc_16, vaults_room_octagon,
          vaults_mumra_hexcomb, ontoclasm_vaults_fault, layout_vaults_maze_bifur
Depths:1: layout_cave_pools, grunt_mini_vestibule, chequers_decorated_corner,
          serial_shops, bzr_entry_gold, lightli_minifort
Depths:2: minmay_concentric_multi, layout_basic, enter_ziggurat_b,
          grunt_hell_entry_dis_mu
Depths:3: minmay_crescents, layout_gridlike, abyss_entry, hell_entry,
          rand_demon_pan_entry_7, fountainhead, minivault_16, minmay_shop_grove,
          infiniplex_staircase_door_maze, uniq_saint_roka, uniq_margery,
          uniq_mennas, uniq_boris
Depths:4: hangedman_pleasuredromes, abyss_entry, hell_entry, uniq_xtahua
Depths:5: grunt_twist_and_shout, layout_small_grid, minmay_crystal_room,
          hell_entry, minmay_misc_feat_x, hangedman_decor_growths, hex_tiny

Skill      XL: |  1  2  3  4  5  6  7  8  9 10 11 12 13 14 15 16 17 18 19 20 21 22 |
---------------+-------------------------------------------------------------------+-----
Fighting       | 3 4 5 6 8 10 11 13 14 16 18 19 20 | 20.9
Maces & Flails | 3 4 |  4.1
Armour         | 2 3 4 5 7 8 9 10 12 15 16 17 18 19 | 19.1
Dodging        | 3 4 5 6 7 9 10 11 14 15 17 | 17.9
Short Blades   | 1 2 4 6 8 10 | 10.1
Stealth        | 5 7 |  7.9
Shields        | 4 11 15 | 15.3
Axes           | 3 14 18 | 18.7
Spellcasting   | 2 4 6 |  6.6
Necromancy     | 4 9 11 | 11.0
Charms         | |  2.9

Action                   |  1- 3 |  4- 6 |  7- 9 | 10-12 | 13-15 | 16-18 | 19-21 | 22-24 || total
-------------------------+-------+-------+-------+-------+-------+-------+-------+-------++-------
Melee: Mace              |    95 |    60 |       |       |       |       |       |       ||   155
       Headbutt          |     8 |    47 |   114 |   312 |  1059 |   669 |   544 |    45 ||  2798
       Dagger            |       |   230 |   821 |  1339 |  4005 |   602 |       |       ||  6997
       Unarmed           |       |       |       |    19 |       |       |       |       ||    19
       Broad axe         |       |       |       |       |    57 |  1325 |  1581 |   128 ||  3091
       Rapier            |       |       |       |       |       |   502 |   258 |       ||   760
Throw: Dart              |       |     3 |     5 |    27 |    13 |    37 |    18 |     2 ||   105
       Throwing net      |       |       |       |     1 |       |       |       |       ||     1
       Javelin           |       |       |       |       |     7 |       |       |       ||     7
 Cast: Spectral Weapon   |       |     1 |       |       |       |       |       |       ||     1
       Regeneration      |       |       |       |       |       |       |     1 |       ||     1
Invok: Sacrifice Resista |       |     1 |       |       |       |       |       |       ||     1
       Reject Sacrifices |       |       |     1 |     1 |     1 |       |       |       ||     3
       Sacrifice Artific |       |       |     1 |       |       |       |       |       ||     1
       Power Leap        |       |       |       |     8 |     3 |     6 |     4 |     1 ||    22
       Draw Out Power    |       |       |       |     1 |    13 |    10 |    10 |     2 ||    36
       Sacrifice Health  |       |       |       |       |       |     1 |       |       ||     1
  Use: Scroll            |     2 |     7 |    12 |     9 |    30 |    23 |    20 |     2 ||   105
       Potion            |     1 |     3 |     3 |     5 |    17 |    12 |    17 |     1 ||    59
 Stab: Invisible         |       |     2 |     8 |    12 |    32 |    23 |    31 |     1 ||   109
       Distracted        |       |       |     1 |     7 |    23 |    21 |    21 |     1 ||    74
       Paralysed         |       |       |       |     2 |     3 |     6 |     6 |       ||    17
       Sleeping          |       |       |       |     3 |    12 |    12 |    13 |     1 ||    41
       Petrifying        |       |       |       |       |     2 |       |       |       ||     2
       Petrified         |       |       |       |       |     1 |       |       |       ||     1
       Held in net/web   |       |       |       |       |       |     2 |       |       ||     2
  Eat: Chunk             |     1 |     8 |    12 |    20 |    17 |    10 |    10 |       ||    78
       Ration            |       |       |     2 |     6 |    12 |    13 |    11 |     2 ||    46
Armor: Leather armour    |     2 |       |       |       |       |       |       |       ||     2
       Chain mail        |    72 |   232 |   346 |   263 |       |       |       |       ||   913
       Scale mail        |       |       |       |   149 |   741 |    39 |       |       ||   929
       Skin              |       |       |       |       |     8 |       |       |       ||     8
       Quicksilver drago |       |       |       |       |       |   400 |   251 |    19 ||   670
Dodge: Dodged            |    51 |   150 |   200 |   527 |  1042 |  1018 |   767 |    64 ||  3819
Block: Shield            |       |       |       |       |  1080 |  1326 |   793 |    54 ||  3253

Table legend:
 A = Non-vault XP
 B = Vault XP
 C = Vault XP percentage of total XP
 D = Non-vault monster count
 E = Vault monster count
 F = Vault count percentage of total count
                 A         B        C        D         E       F
            +---------+---------+-------+---------+---------+-------
      Total |  393168 |  348533 |  47.0 |    1172 |     625 |  34.8
            +---------+---------+-------+---------+---------+-------
        D:1 |      41 |       0 |   0.0 |      19 |       0 |   0.0
        D:2 |      95 |       0 |   0.0 |      20 |       0 |   0.0
        D:3 |     340 |      41 |  10.8 |      40 |      14 |  25.9
        D:4 |     517 |     426 |  45.2 |      23 |       5 |  17.9
        D:5 |     409 |     467 |  53.3 |      19 |       3 |  13.6
        D:6 |    1079 |     883 |  45.0 |      31 |       5 |  13.9
        D:7 |    1715 |     123 |   6.7 |      39 |       2 |   4.9
        D:8 |     459 |       0 |   0.0 |      17 |       0 |   0.0
        D:9 |    2757 |       0 |   0.0 |      22 |       0 |   0.0
       D:10 |    2823 |    1301 |  31.5 |      18 |      43 |  70.5
       D:11 |    4995 |     756 |  13.1 |      38 |       1 |   2.6
       D:12 |    2346 |     457 |  16.3 |      24 |       1 |   4.0
       D:13 |    8925 |    4726 |  34.6 |      29 |       5 |  14.7
       D:14 |    5859 |    7171 |  55.0 |      22 |      13 |  37.1
       D:15 |   14411 |    6542 |  31.2 |      45 |       8 |  15.1
     Lair:1 |    5365 |    1057 |  16.5 |      23 |      16 |  41.0
     Lair:2 |    2161 |    1030 |  32.3 |       6 |       5 |  45.5
     Lair:3 |    2253 |    1005 |  30.8 |      13 |       4 |  23.5
     Lair:4 |    3894 |       0 |   0.0 |      16 |       0 |   0.0
     Lair:5 |    8439 |    4030 |  32.3 |      24 |       8 |  25.0
     Lair:6 |    9647 |   16389 |  62.9 |      36 |      86 |  70.5
    Swamp:1 |   13996 |       0 |   0.0 |      36 |       0 |   0.0
    Swamp:2 |    7668 |       0 |   0.0 |      20 |       0 |   0.0
    Swamp:3 |   12216 |    4311 |  26.1 |      24 |       2 |   7.7
    Swamp:4 |   10779 |   16247 |  60.1 |      25 |      25 |  50.0
   Spider:1 |   13519 |   11399 |  45.7 |      39 |      28 |  41.8
   Spider:2 |    8854 |    2763 |  23.8 |      30 |       9 |  23.1
   Spider:3 |   11063 |    1447 |  11.6 |      27 |       1 |   3.6
   Spider:4 |   22168 |   26157 |  54.1 |      62 |      49 |  44.1
      Orc:1 |    2135 |       9 |   0.4 |      25 |       3 |  10.7
      Orc:2 |    3289 |    6152 |  65.2 |      25 |      48 |  65.8
      Elf:1 |   18632 |    5017 |  21.2 |      33 |      12 |  26.7
      Elf:2 |   11057 |    4943 |  30.9 |      27 |       9 |  25.0
      Elf:3 |   15588 |   52137 |  77.0 |      24 |      44 |  64.7
   Vaults:1 |   26159 |   17724 |  40.4 |      60 |      25 |  29.4
   Vaults:2 |   11054 |   19851 |  64.2 |      25 |      26 |  51.0
   Vaults:3 |   23798 |    4831 |  16.9 |      38 |       7 |  15.6
   Depths:1 |   33844 |    4316 |  11.3 |      48 |       6 |  11.1
   Depths:2 |   12335 |       0 |   0.0 |      16 |       0 |   0.0
   Depths:3 |   20967 |   26361 |  55.7 |      27 |      22 |  44.9
   Depths:4 |    1795 |   79627 |  97.8 |       6 |      74 |  92.5
   Depths:5 |   33722 |   18837 |  35.8 |      31 |      16 |  34.0
            +---------+---------+-------+---------+---------+-------
